 Dungeon Crawl Stone Soup version 0.31-a0-977-gc230f8ef24 (webtiles) character file.

Game seed: 5905685903505860337

86 night the Vexing (level 4, -11/35 HPs)
             Began as a Draconian Hexslinger on Oct 29, 2023.
             Was a Follower of Sif Muna.
             Mangled by Sigmund
             ... wielding a +2 heavy scythe
              (20 damage)
             ... on level 3 of the Dungeon.
             The game lasted 00:04:51 (2156 turns).

night the Vexing (Draconian Hexslinger)             Turns: 2156, Time: 00:04:52

Health: -11/35     AC:  6    Str: 18    XL:     4   Next: 26%
Magic:  3/6        EV: 12    Int: 14    God:    Sif Muna [*.....]
Gold:   21         SH:  0    Dex: 14    Spells: 4/6 levels left

rFire   . . .        a - +1 sling
rCold   . . .        (no shield)
rNeg    . . .        (body armour unavailable)
rPois   .            i - +1 hat of Ulaatz {+Blink Str+3 Dex+2}
rElec   +            (no cloak)
rCorr   .            (no gloves)
SInv    .            (no boots)
Will    .....        k - amulet of faith
Stlth   +            (no ring)
HPRegen 0.25/turn    (no ring)
MPRegen 0.10/turn

%: faith
@: confused, brilliant, weak-willed, jinxed
A: AC +5, unfitting armour, cold-blooded, horns 1, talons 1, electricity
resistance, strong 1
a: Renounce Religion, Evoke Blink, Channel Magic


You were on level 3 of the Dungeon.
You worshipped Sif Muna.
Sif Muna was aware of your devotion.
You visited 1 branch of the dungeon, and saw 3 of its levels.

You collected 159 gold pieces.
You spent 138 gold pieces at shops.

Inventory:

Hand Weapons
 a - a +1 sling (weapon)
Missiles
 c - 16 stones
Armour
 i - the +1 hat of Ulaatz (worn) {+Blink Str+3 Dex+2}
   (You found it on level 2 of the Dungeon)

   Str+3:     It affects your strength (+3).
   Dex+2:     It affects your dexterity (+2).
   +Blink:    It lets you blink.
Jewellery
 h - a ring of see invisible
 k - an amulet of faith (around neck)
Wands
 d - a wand of polymorph (14)
Scrolls
 b - a scroll of poison
 e - 2 scrolls of enchant weapon {unknown}
Potions
 g - a potion of degeneration {unknown}
 l - a potion of lignification {unknown}
 m - a potion of berserk rage {unknown}


   Skills:
 - Level 1.1 Fighting
 * Level 3.2 Ranged Weapons
 - Level 1.7 Dodging
 + Level 1.9 Spellcasting
 + Level 3.3 Hexes
 - Level 1.0 Fire Magic


You had 4 spell levels left.
You knew the following spells:

 Your Spells              Type           Power      Damage    Failure   Level
a - Jinxbite              Hex            30%        N/A       10%         2

Your spell library contained the following spells:

 Spells                   Type           Power      Damage    Failure   Level
 Sigil of Binding         Hex            15%        N/A       19%         3
 Magic Dart               Conj           8%         1d3       24%         1
 Inner Flame              Hex/Fire       11%        N/A       30%         3
 Searing Ray              Conj           4%         2d4       36%         2
 Cause Fear               Hex            7%         N/A       52%         4
 Dimensional Bullseye     Hex/Tloc       4%         N/A       77%         4
 Fulminant Prism          Conj/Hex       4%         3d5       77%         4


Dungeon Overview and Level Annotations

Branches:
Dungeon (3/15)

Altars:
Sif Muna

Shops:
D:2 *   D:3 =

Annotations:
D:3 Sigmund


Innate Abilities, Weirdness & Mutations

Your plain brown scales are hard. (AC +5)
You cannot fit into any form of body armour.
You are cold-blooded and may be slowed by cold attacks.
You have a pair of small horns on your head.
You have sharp toenails.
You are resistant to electric shocks. (rElec)
Your muscles are strong. (Str +4, Int/Dex -1)


Message History

Press: ? - help, Q - select action, (/) - cycle Dir - look around, f - activate Look: Sigmund, wielding a +2 heavy scythe and wearing a +0 robe (moderately wounded, heavily drained, chance to call a sprite on attack: 60%)
You shoot a sling bullet.
Sigmund seems less drained.
The jinxing sprites lose interest in you.
Sigmund barely misses you.
You bump into the granite statue.
You feel less confused.
Sigmund points at you and mumbles some strange words.
The puff of flame hits you!
Fire: a) +1 sling
Press: ? - help, Q - select action, (/) - cycle Shift-Dir - straight line, f/p - Sigmund
Aim: Sigmund, wielding a +2 heavy scythe and wearing a +0 robe (moderately wounded, 53% to hit)
Okay, then.
You shoot a sling bullet. The sling bullet hits Sigmund.
Sigmund is heavily wounded.
You shoot a sling bullet.
The sling bullet closely misses Sigmund.
Sigmund barely misses you.
You shoot a sling bullet.
The sling bullet closely misses Sigmund.
Casting: Jinxbite (safe; 9% risk of failure)
Confirm with . or Enter, or press ? or * to list all spells.
You beckon some vexing sprites to accompany your attacks.
You feel your willpower being sapped.
Sigmund points at you and mumbles some strange words.
You are confused.
Unknown command.
Sigmund hits you with a +2 heavy scythe!!
Ouch! That really hurt!
* * * LOW HITPOINT WARNING * * *
It was a potion of brilliance.
You feel clever all of a sudden.
It was a potion of mutation.
You feel extremely strange.
You feel stronger.
Your toenails lengthen and sharpen.
A pair of horns grows on your head!
You feel insulated.
Sigmund hits you with a +2 heavy scythe!!
Ouch! That really hurt!
You die...
Sigmund begins carving another notch in his scythe.

........# #.#.#
.....).## #.#.#
.....#.# #.#.#
#...##.### #.#.# #.
##.##....###### #.. .
#. #...†........# ..
.. #..8.8.8.8.8.## ...
#. #.............#
...# #.
#.8.8.8.8.8@8.# ....#
#.
#...........@.##.....#
#.#####.
#>########.......#
#....... #. #########
#..##.. # #.. #.. ###
#).#### #......


You could see Sigmund.

Vanquished Creatures
  Jessica (D:2)
  An adder (D:3)
  A dart slug (D:3)
  6 ball pythons
  7 bats
  5 endoplasms
  2 giant cockroaches (D:1)
  5 goblins
  5 hobgoblins (D:2)
  4 kobolds
  2 quokkas
  A frilled lizard (D:2)
  2 rats
42 creatures vanquished.

Notes
Turn   | Place    | Note
-------+----------+-------------------------------------------
     0 | D:1      | night the Draconian Hexslinger began the quest for the Orb.
     0 | D:1      | Reached XP level 1. HP: 16/16 MP: 2/2
   121 | D:1      | Reached skill level 2 in Ranged Weapons
   303 | D:1      | Reached XP level 2. HP: 23/23 MP: 3/3
   787 | D:1      | Found a faded altar of an unknown god.
   792 | D:1      | Prayed at the altar of an unknown god.
   792 | D:1      | Became a worshipper of Sif Muna the Loreminder
   792 | D:1      | Reached * piety under Sif Muna
  1286 | D:2      | Reached XP level 3. HP: 27/28 MP: 5/5
  1443 | D:2      | Identified the +1 hat of Ulaatz {+Blink Str+3 Dex+2}
  1455 | D:2      | Found Beamonoo's Assorted Antiques.
  1494 | D:2      | Bought a scroll labelled DIROSK SEBIS for 23 gold pieces
  1494 | D:2      | Bought a glowing fluorescent amulet for 115 gold pieces
  1537 | D:2      | Noticed Jessica
  1575 | D:2      | Killed Jessica
  1593 | D:2      | Learned a level 2 spell: Jinxbite
  1916 | D:3      | Found Zun Gech's Jewellery Shoppe.
  2037 | D:3      | Reached XP level 4. HP: 35/35 MP: 6/6
  2139 | D:3      | Noticed Sigmund
  2156 | D:3      | Gained mutation: Your muscles are strong. (Str +4, Int/Dex
                  | -1) [potion of mutation]
  2156 | D:3      | Gained mutation: You have sharp toenails. [potion of
                  | mutation]
  2156 | D:3      | Gained mutation: You have a pair of small horns on your
                  | head. [potion of mutation]
  2156 | D:3      | Gained mutation: You are resistant to electric shocks.
                  | (rElec) [potion of mutation]
  2156 | D:3      | Mangled by Sigmund

Illustrated notes

Levels and vault maps discovered:
D:1:      dpeg_arrival_water_fire, layout_basic, chequers_ecumenical_altar_lobes
D:2:      layout_loops_corners, serial_shops, shop, chequers_decorated_corner,
          kennysheep_generic_room_7, uniq_jessica
D:3:      layout_loops_ring, mainiacjoe_overflow_alcove_2, serial_shops, shop,
          chequers_jeans, minmay_misc_feat_pillars, uniq_sigmund

Skill      XL: |  1  2  3 |
---------------+----------+-----
Ranged Weapons | 2 3 |  3.2
Hexes          | 3 |  3.3
Fighting       | |  1.1
Dodging        | |  1.7
Spellcasting   | |  1.9
Fire Magic     | |  1.0

Action                     |  1- 3 |  4- 6 || total
---------------------------+-------+-------++-------
   Fire: Sling             |    98 |    24 ||   122
   Cast: Jinxbite          |       |     3 ||     3
    Use: Scroll            |     4 |       ||     4
         Potion            |       |     2 ||     2
 Armour: Skin              |    21 |     5 ||    26
  Dodge: Dodged            |    29 |     4 ||    33

Table legend: (Time is in decaauts)
 A = Elapsed time spent in this place.
 B = Non-inter-level travel time spent in this place.
 C = Inter-level travel time spent in this place.
 D = Time resting spent in this place.
 E = Time spent auto-exploring this place.
 F = Levels seen in this place.
 G = Mean time per level.
                   A        B        C        D        E       F      G
               +--------+--------+--------+--------+--------+-----+--------+
         Total |   2181 |   2107 |     74 |      0 |   1815 |   3 |  727.0 |
       Dungeon |   2181 |   2107 |     74 |      0 |   1815 |   3 |  727.0 |
               +--------+--------+--------+--------+--------+-----+--------+

Top non-repeatable levels by time:
     D:1: 1029 daAuts
     D:2: 898 daAuts
     D:3: 253 daAuts
